[Event "Lliga Catalana 2024"]
[Site "Catalonia"]
[Date "2024.02.03"]
[Round "3.3"]
[White "Pozanco Romasanta, Marc"]
[Black "Lorenzo De La Riva, Lazaro"]
[Result "0-1"]
[ECO "D37"]
[WhiteElo "2033"]
[BlackElo "2419"]
[Annotator "ChessBase"]
[PlyCount "122"]
[EventDate "2024.01.18"]
[EventType "team-tourn"]
[EventCountry "ESP"]
[SourceTitle "playchess.com"]
[Source "ChessBase"]
[SourceQuality "1"]
[TimeControl "5400+30"]

1. d4 d5 2. c4 e6 3. Nc3 a6 4. cxd5 exd5 5. Nf3 Nf6 6. Bg5 Be6 7. e3 Bd6 8. Bd3 Nbd7 9. O-O c6 10. Qc2 Qc7 11. e4 dxe4 12. Nxe4 Nxe4 13. Bxe4 h6 14. Bh4 O-O 15. Bg3 Bxg3 16. hxg3 Nf6 17. Bf5 Bxf5 18. Qxf5 Rad8 19. Rfe1 Qb6 20. Qc5 Qc7 21. Re7 Rd7 22. Rae1 Rfd8 23. R7e5 Rd5 24. Qc2 Qc8 25. Re7 R5d7 26. Qb3 Nd5 27. R7e5 Rd6 28. a3 Rf6 29. Qc2 Nc7 30. Qe4 Rfd6 31. g4 Ne6 32. g5 hxg5 33. Nxg5 Nxg5 34. Rxg5 Rxd4 35. Qe7 R4d5 36. Rg3 R8d6 37. Qe8+ Qxe8 38. Rxe8+ Kh7 39. Rh3+ Rh6 40. Rxh6+ Kxh6 41. Re7 Rb5 42. Re2 Kg5 43. Kf1 Kf5 44. Rd2 Rd5 45. Rc2 c5 46. Ke2 b5 47. Kf3 c4 48. Ke2 Ke5 49. Rc3 Kd6 50. Rh3 a5 51. f4 b4 52. axb4 axb4 53. Rh8 Kc5 54. Rf8 f5 55. Ke3 Rd3+ 56. Ke2 Rb3 57. Rxf5+ Kd4 58. Rf7 Rxb2+ 59. Kf3 c3 60. Rxg7 c2 61. Rc7 Rb3+ 0-1

[Event "Lliga Catalana 2024"]
[Site "Catalonia"]
[Date "2024.02.03"]
[Round "3.4"]
[White "Salinas Tomas, Daniel"]
[Black "Matnadze Bujiashvili, Ann"]
[Result "1-0"]
[ECO "E20"]
[WhiteElo "2363"]
[BlackElo "2364"]
[Annotator "ChessBase"]
[PlyCount "97"]
[EventDate "2024.01.18"]
[EventType "team-tourn"]
[EventCountry "ESP"]
[SourceTitle "playchess.com"]
[Source "ChessBase"]
[SourceQuality "1"]
[TimeControl "5400+30"]

1. d4 Nf6 2. c4 e6 3. g3 Bb4+ 4. Nc3 O-O 5. Bg2 d5 6. Nf3 Nc6 7. O-O dxc4 8. Qa4 Nd5 9. Qc2 Be7 10. Rd1 Rb8 11. e4 Ndb4 12. Qe2 Nd3 13. Be3 Na5 14. Ne5 b5 15. Nxd3 cxd3 16. Qxd3 Nc4 17. Qe2 Nxe3 18. Qxe3 Bd7 19. d5 b4 20. dxe6 fxe6 21. Na4 Qe8 22. Nc5 Bc8 23. e5 Rb6 24. Rac1 Rf7 25. Rc2 Bf8 26. Rcd2 Qe7 27. Rd8 Rb5 28. Nb3 Bb7 29. Bxb7 Rxb7 30. Qe4 Rb6 31. Qa8 Qg5 32. R1d7 Rf5 33. Nd4 Rf4 34. Nc6 Rxc6 35. Qxc6 Qg6 36. Re7 Rf5 37. Qxe6+ Qxe6 38. Rxe6 Kf7 39. Rc6 g6 40. Rxc7+ Ke6 41. Re8+ Kd5 42. e6 Bc5 43. e7 Ke6 44. Rf8 Rxf8 45. exf8=Q Bxf8 46. Rxa7 h5 47. a3 Kd5 48. axb4 Bxb4 49. Rg7 1-0

[Event "Lliga Catalana 2024"]
[Site "Catalonia"]
[Date "2024.02.03"]
[Round "3.4"]
[White "Alonso Moyano, Jonathan"]
[Black "Martin Capitan, Feliciano"]
[Result "1-0"]
[ECO "C54"]
[WhiteElo "2331"]
[BlackElo "2028"]
[Annotator "ChessBase"]
[PlyCount "49"]
[EventDate "2024.01.18"]
[EventType "team-tourn"]
[EventCountry "ESP"]
[SourceTitle "playchess.com"]
[Source "ChessBase"]
[SourceQuality "1"]
[TimeControl "5400+30"]

1. e4 e5 2. Nf3 Nc6 3. Bc4 Nf6 4. d3 Bc5 5. O-O d6 6. c3 Bb6 7. a4 a6 8. Nbd2 O-O 9. Re1 Ne7 10. a5 Ba7 11. Nf1 Ng6 12. Ng3 Be6 13. Bxe6 fxe6 14. d4 Qe7 15. Be3 Ng4 16. Bg5 Qf7 17. h3 h6 18. Bc1 Nf6 19. Be3 Nd7 20. Qb3 Rab8 21. d5 Nc5 22. Bxc5 Bxc5 23. dxe6 Qf4 24. Nh5 Bxf2+ 25. Kh1 1-0

[Event "Lliga Catalana 2024"]
[Site "Catalonia"]
[Date "2024.02.03"]
[Round "3.5"]
[White "Eugene, Floryan"]
[Black "Perpinya Rofes, Lluis Maria"]
[Result "1-0"]
[ECO "B31"]
[WhiteElo "2398"]
[BlackElo "2236"]
[Annotator "ChessBase"]
[PlyCount "85"]
[EventDate "2024.01.18"]
[EventType "team-tourn"]
[EventCountry "ESP"]
[SourceTitle "playchess.com"]
[Source "ChessBase"]
[SourceQuality "1"]
[TimeControl "5400+30"]

1. e4 c5 2. Nf3 Nc6 3. Bb5 g6 4. c3 Nf6 5. Qe2 Bg7 6. O-O O-O 7. d4 d5 8. e5 Ne4 9. Rd1 cxd4 10. cxd4 Bd7 11. Ne1 h6 12. Nc3 Nxc3 13. bxc3 Qa5 14. Bxc6 Bxc6 15. Bd2 Rac8 16. Qg4 Kh7 17. Nf3 Qa4 18. Qh4 f6 19. Re1 Rce8 20. Qg3 Qc2 21. Rac1 Qf5 22. Nh4 Qh5 23. f4 fxe5 24. dxe5 e6 25. Nf3 Rg8 26. Qf2 Bf8 27. Nd4 Bc5 28. Re3 Bxd4 29. cxd4 Qf5 30. Rh3 Rc8 31. Qh4 h5 32. Rhc3 Qf7 33. Qg5 Rge8 34. f5 exf5 35. Qh6+ Kg8 36. Rg3 Re6 37. Qxh5 Bd7 38. Rxc8+ Bxc8 39. Qh4 Re8 40. Rh3 Qg7 41. Bg5 f4 42. Bf6 g5 43. Qh5 1-0

[Event "Lliga Catalana 2024"]
[Site "Catalonia"]
[Date "2024.02.03"]
[Round "3.5"]
[White "Martin Perez, Pau"]
[Black "Villa Tornero, Alex"]
[Result "0-1"]
[ECO "A30"]
[WhiteElo "2042"]
[BlackElo "2321"]
[Annotator "ChessBase"]
[PlyCount "84"]
[EventDate "2024.01.18"]
[EventType "team-tourn"]
[EventCountry "ESP"]
[SourceTitle "playchess.com"]
[Source "ChessBase"]
[SourceQuality "1"]
[TimeControl "5400+30"]

1. Nf3 Nf6 2. b3 e6 3. Bb2 c5 4. e3 b6 5. c4 Bb7 6. Be2 Be7 7. O-O O-O 8. d4 cxd4 9. Nxd4 a6 10. Bf3 Qc7 11. Nd2 d6 12. Qc2 Nbd7 13. Ne4 Rac8 14. Rac1 Ne5 15. Nxf6+ Bxf6 16. Be4 h6 17. h3 Qb8 18. f4 Nd7 19. f5 Bxe4 20. Qxe4 Nc5 21. Qc2 e5 22. Ne2 d5 23. Nc3 dxc4 24. bxc4 e4 25. Nd5 Bxb2 26. Qxb2 Nd3 27. Qd4 Nxc1 28. Ne7+ Kh7 29. Rxc1 Rcd8 30. Qxe4 f6 31. Nc6 Qb7 32. Qe6 Rc8 33. Nd4 Rfe8 34. Qd6 Rxe3 35. Ne6 Qe4 36. Qd7 Rg3 37. Qd2 Qxf5 38. Nf4 Re8 39. Kh2 Rge3 40. Nd5 Re2 41. Qc3 Rxg2+ 42. Kxg2 Re2+ 0-1

[Event "Lliga Catalana 2024"]
[Site "Catalonia"]
[Date "2024.02.03"]
[Round "3.6"]
[White "Bofill Mas, Alejandro"]
[Black "Ortin Blanco, Inigo"]
[Result "1/2-1/2"]
[ECO "A37"]
[WhiteElo "2274"]
[BlackElo "2290"]
[Annotator "ChessBase"]
[PlyCount "87"]
[EventDate "2024.01.18"]
[EventType "team-tourn"]
[EventCountry "ESP"]
[SourceTitle "playchess.com"]
[Source "ChessBase"]
[SourceQuality "1"]
[TimeControl "5400+30"]

1. c4 c5 2. g3 Nc6 3. Bg2 g6 4. Nc3 Bg7 5. Nf3 d6 6. O-O e6 7. e3 Nge7 8. d4 O-O 9. d5 Na5 10. Nd2 exd5 11. Nxd5 Nxd5 12. Bxd5 Be6 13. Qc2 Bxd5 14. cxd5 b5 15. Rb1 Rc8 16. b3 c4 17. b4 c3 18. bxa5 cxd2 19. Qxd2 Bc3 20. Qe2 a6 21. a4 b4 22. Qxa6 Ra8 23. Qc6 Qxa5 24. Bb2 Rac8 25. Qb5 Rc5 26. Qxa5 Rxa5 27. Bxc3 bxc3 28. Rfc1 Rc8 29. Rb3 c2 30. Rb2 Rac5 31. Kf1 Kg7 32. Ke2 Kf6 33. f4 h5 34. Rb5 Kf5 35. Rxc5 Rxc5 36. Kf3 Rc3 37. a5 g5 38. fxg5 Kxg5 39. a6 Kf5 40. Ke2 Ke5 41. Kd2 Ra3 42. Kxc2 Rxa6 43. Rf1 f5 44. h3 1/2-1/2

[Event "Lliga Catalana 2024"]
[Site "Catalonia"]
[Date "2024.02.03"]
[Round "3.6"]
[White "Obon Temprano, Sergi"]
[Black "Boix Redorta, Roc"]
[Result "1-0"]
[ECO "A13"]
[WhiteElo "2194"]
[BlackElo "1925"]
[Annotator "ChessBase"]
[PlyCount "81"]
[EventDate "2024.01.18"]
[EventType "team-tourn"]
[EventCountry "ESP"]
[SourceTitle "playchess.com"]
[Source "ChessBase"]
[SourceQuality "1"]
[TimeControl "5400+30"]

1. Nf3 Nf6 2. c4 e6 3. Nc3 d5 4. e3 Be7 5. b3 b6 6. Be2 Bb7 7. O-O O-O 8. Bb2 c5 9. d4 Nc6 10. cxd5 exd5 11. Rc1 cxd4 12. Nxd4 Nxd4 13. Qxd4 Bc5 14. Qh4 Re8 15. Rfd1 a6 16. Bf3 Be7 17. Qd4 Bc5 18. Qd3 Qe7 19. Nxd5 Bxd5 20. Bxd5 Rad8 21. Bxf6 Qxf6 22. Qxa6 h6 23. Bf3 Bd6 24. Rd4 Bxh2+ 25. Kf1 Rxd4 26. exd4 Qxd4 27. Qb5 Re6 28. Rc8+ Kh7 29. Qf5+ Rg6 30. Rc1 Qf6 31. Be4 Qh4 32. Rc4 Qd8 33. Qf3 Be5 34. Rc1 Qd2 35. Rd1 Qf4 36. Qxf4 Bxf4 37. Rd7 Kg8 38. Bxg6 fxg6 39. Rb7 Kh7 40. Rxb6 h5 41. a4 1-0

[Event "Lliga Catalana 2024"]
[Site "Catalonia"]
[Date "2024.02.03"]
[Round "3.7"]
[White "Lacasa Diaz, Josep Anton"]
[Black "Bernado Lopez, Roger"]
[Result "0-1"]
[ECO "C50"]
[WhiteElo "2338"]
[BlackElo "2168"]
[Annotator "ChessBase"]
[PlyCount "102"]
[EventDate "2024.01.18"]
[EventType "team-tourn"]
[EventCountry "ESP"]
[SourceTitle "playchess.com"]
[Source "ChessBase"]
[SourceQuality "1"]
[TimeControl "5400+30"]

1. e4 e5 2. Nf3 Nc6 3. Bc4 Bc5 4. Nc3 Nf6 5. d3 h6 6. O-O d6 7. Na4 Bg4 8. c3 a6 9. Nxc5 dxc5 10. a4 Qd6 11. a5 O-O-O 12. Qe2 Nh5 13. h3 Be6 14. Bxe6+ Qxe6 15. Be3 g5 16. b4 cxb4 17. cxb4 Nxb4 18. d4 exd4 19. Nxd4 Nf4 20. Qf3 Qe5 21. Bxf4 Qxd4 22. Bh2 Rd7 23. Rad1 Nd3 24. Rd2 Rhd8 25. Rfd1 Qa4 26. Bg3 Nc5 27. Rd5 Ne6 28. Rc1 c6 29. Kh2 Nd4 30. Qf6 Ne2 31. Rxd7 Rxd7 32. Qh8+ Rd8 33. Qe5 Nxg3 34. fxg3 Qa2 35. Rf1 Qe6 36. Qg7 Rd7 37. e5 Re7 38. Rf6 Qxe5 39. Qxh6 Qxa5 40. Qf8+ Qd8 41. Rxf7 Qxf8 42. Rxf8+ Kd7 43. Rf5 b5 44. Rxg5 b4 45. Ra5 Kd6 46. Rxa6 Rb7 47. Kg1 b3 48. Ra1 c5 49. Kf2 c4 50. Ke3 Kc5 51. g4 Rd7 0-1

[Event "Lliga Catalana 2024"]
[Site "Catalonia"]
[Date "2024.02.03"]
[Round "3.8"]
[White "Alonso Seisdedos, Cayetano"]
[Black "Vehi Bach, Victor Manuel"]
[Result "0-1"]
[ECO "B42"]
[WhiteElo "2243"]
[BlackElo "2218"]
[Annotator "RC"]
[PlyCount "176"]
[EventDate "2024.01.18"]
[EventType "team-tourn"]
[EventCountry "ESP"]
[SourceTitle "playchess.com"]
[Source "ChessBase"]
[SourceQuality "1"]
[TimeControl "5400+30"]

1. e4 c5 2. Nf3 e6 3. d4 cxd4 4. Nxd4 a6 5. Bd3 Nf6 6. O-O e5 7. Nb3 d6 8. Nc3 Be7 9. h3 O-O 10. Be3 Nc6 11. a3 h6 12. Qd2 Be6 13. Rad1 b5 14. f3 Rb8 15. Nd5 Nxd5 16. exd5 Bxd5 17. Bxh6 Bc4 18. Be3 d5 19. Nc1 d4 20. Bf2 f5 21. Rfe1 Bd6 22. c3 Bd5 23. Bc2 Bc5 24. Nb3 Bxb3 25. Bxb3+ Kh7 26. Bc2 dxc3 27. Qxc3 Bxf2+ 28. Kxf2 Qb6+ 29. Qe3 Nd4 30. Bb1 Kh8 31. f4 Rbd8 32. Kf1 e4 33. Rd2 Qf6 34. Red1 Ne6 35. Rxd8 Rxd8 36. Rxd8+ Qxd8 37. Kf2 Qc7 38. g3 Qd6 39. Qe2 Qd4+ 40. Kg2 g6 41. h4 Kg7 42. h5 gxh5 43. Ba2 Kf6 44. Bxe6 Kxe6 45. Qxh5 Qxb2+ 46. Kh3 Qf6 47. Qe8+ Kd5 48. a4 Qh6+ 49. Kg2 Qe6 50. Qa8+ Kc5 51. axb5 axb5 52. Qa7+ Kb4 53. Qd4+ Ka3 54. Qc3+ Ka4 55. Qa1+ Kb4 56. Qb2+ Qb3 57. Qd4+ Qc4 58. Qb2+ Kc5 59. Qe5+ Qd5 60. Qc3+ Kb6 61. Qf6+ Ka5 62. Qa1+ Kb4 63. Qb2+ Kc5 64. Qc3+ Kd6 65. Qf6+ Kd7 66. Qg7+ Kc6 67. Qf6+ Kb7 68. Qg7+ Kb6 69. Qf6+ Qc6 70. Qxf5 e3+ 71. Kg1 Qc1+ 72. Kg2 Qd2+ 73. Kh3 e2 74. Qf6+ Kc5 75. Qe5+ Kc4 76. Qe4+ Kb3 77. Qb1+ Kc3 78. Qa1+ Kd3 79. Qb1+ Ke3 80. Qg1+ Ke4 81. Qb1+ Qd3 82. Qb4+ Ke3 83. Qe1 Qd2 84. Qg1+ Kd3 85. Qc5 e1=Q 86. Qxb5+ Ke3 87. Qc5+ Qd4 88. Qe7+ Kf2 0-1

[Event "Lliga Catalana 2024"]
[Site "Catalonia"]
[Date "2024.02.03"]
[Round "3.8"]
[White "Ramirez Carrizo, Victor Jose"]
[Black "Iborra Polo, Eric"]
[Result "1-0"]
[ECO "B43"]
[WhiteElo "2182"]
[BlackElo "1955"]
[Annotator "ChessBase"]
[PlyCount "55"]
[EventDate "2024.01.18"]
[EventType "team-tourn"]
[EventCountry "ESP"]
[SourceTitle "playchess.com"]
[Source "ChessBase"]
[SourceQuality "1"]
[TimeControl "5400+30"]

1. e4 c5 2. Nc3 e6 3. Nf3 a6 4. g3 b5 5. Bg2 Bb7 6. d4 cxd4 7. Nxd4 Nf6 8. O-O d6 9. Re1 Qc7 10. a4 b4 11. Nd5 exd5 12. exd5+ Kd8 13. Bg5 Nbd7 14. c3 h6 15. cxb4 hxg5 16. Rc1 Qb6 17. Nc6+ Bxc6 18. dxc6 Rc8 19. cxd7 Rxc1 20. Qxc1 Kxd7 21. a5 Qb5 22. Qe3 d5 23. Qa7+ Kd6 24. Bf1 Qxb4 25. Qxa6+ Kc7 26. Rc1+ Bc5 27. Bb5 Rc8 28. Qb6# 1-0

[Event "Lliga Catalana 2024"]
[Site "Catalonia"]
[Date "2024.02.03"]
[Round "3.9"]
[White "Lever, Erwan"]
[Black "Prada Villagrasa, Pau Manel"]
[Result "1-0"]
[ECO "E01"]
[WhiteElo "2199"]
[BlackElo "2131"]
[Annotator "ChessBase"]
[PlyCount "79"]
[EventDate "2024.01.18"]
[EventType "team-tourn"]
[EventCountry "ESP"]
[SourceTitle "playchess.com"]
[Source "ChessBase"]
[SourceQuality "1"]
[TimeControl "5400+30"]

1. d4 d5 2. Nf3 Nf6 3. g3 e6 4. c4 Bb4+ 5. Nbd2 O-O 6. Bg2 c6 7. O-O Nbd7 8. Qc2 b6 9. e4 Bxd2 10. Nxd2 dxc4 11. Nxc4 Ba6 12. Rd1 Bxc4 13. Qxc4 Rc8 14. Qa6 Nc5 15. Qe2 Ncd7 16. b3 Qe7 17. a4 e5 18. dxe5 Nxe5 19. Bb2 Rfd8 20. Bh3 Rb8 21. Rac1 c5 22. Bg2 Qe6 23. f4 Nc6 24. f5 Qxb3 25. e5 Nd5 26. Rd3 Qxa4 27. Rxd5 Nd4 28. Qg4 Qb3 29. Bxd4 Rxd5 30. Bxd5 Qxd5 31. Ba1 Qd2 32. Rd1 Qe3+ 33. Kg2 c4 34. Bd4 Qh6 35. e6 fxe6 36. f6 Re8 37. Rf1 Kf7 38. Qe4 Qd2+ 39. Rf2 Qd3 40. Qb7+ 1-0

[Event "Lliga Catalana 2024"]
[Site "Catalonia"]
[Date "2024.02.03"]
[Round "3.9"]
[White "Molina Gil, Noah"]
[Black "Herman Gamazo, Isaac"]
[Result "0-1"]
[ECO "C88"]
[WhiteElo "1896"]
[BlackElo "2086"]
[Annotator "ChessBase"]
[PlyCount "104"]
[EventDate "2024.01.18"]
[EventType "team-tourn"]
[EventCountry "ESP"]
[SourceTitle "playchess.com"]
[Source "ChessBase"]
[SourceQuality "1"]
[TimeControl "5400+30"]

1. e4 e5 2. Nf3 Nc6 3. Bb5 a6 4. Ba4 Nf6 5. d3 b5 6. Bb3 Be7 7. O-O d6 8. c3 O-O 9. Re1 Nb8 10. a4 Bb7 11. Nbd2 Nbd7 12. Nf1 c5 13. Ng3 Rc8 14. Bc2 Re8 15. d4 Bf8 16. dxe5 dxe5 17. Nf5 Qc7 18. Qe2 c4 19. Bg5 h6 20. Bh4 g6 21. Bxf6 Nxf6 22. Ng3 Bc5 23. b4 cxb3 24. Bxb3 Bc6 25. axb5 axb5 26. h3 Ra8 27. Rad1 Red8 28. Rd2 Rd7 29. Red1 Rad8 30. Rxd7 Rxd7 31. Rxd7 Nxd7 32. Ne1 Bf8 33. Nd3 Nc5 34. Nxc5 Bxc5 35. Qg4 Qd6 36. Nf5 Qf6 37. Ne3 Kg7 38. Bd5 Bxd5 39. exd5 e4 40. Qxe4 Qxc3 41. Nd1 Qd2 42. Qe5+ Kh7 43. Ne3 Qe1+ 44. Kh2 Qxf2 45. Ng4 Qf5 46. Qc7 Bd4 47. d6 Qf4+ 48. Kh1 Qf1+ 49. Kh2 Bg1+ 50. Kg3 Qd3+ 51. Kf4 g5+ 52. Ke5 Qd4+ 0-1

[Event "Lliga Catalana 2024"]
[Site "Catalonia"]
[Date "2024.02.03"]
[Round "3.10"]
[White "Bravo Barranco, Narciso"]
[Black "Parra Ordorica, Arnau"]
[Result "1-0"]
[ECO "C77"]
[WhiteElo "2174"]
[BlackElo "1865"]
[Annotator "ChessBase"]
[PlyCount "103"]
[EventDate "2024.01.18"]
[EventType "team-tourn"]
[EventCountry "ESP"]
[SourceTitle "playchess.com"]
[Source "ChessBase"]
[SourceQuality "1"]
[TimeControl "5400+30"]

1. e4 e5 2. Nf3 Nc6 3. Bb5 a6 4. Ba4 Nf6 5. d3 b5 6. Bb3 Bc5 7. c3 d6 8. Nbd2 O-O 9. Nf1 d5 10. Qe2 h6 11. Ng3 Re8 12. O-O d4 13. Qc2 Na5 14. cxd4 Nxb3 15. axb3 Bxd4 16. Nxd4 Qxd4 17. Be3 Qd6 18. Rfd1 Be6 19. d4 Ng4 20. d5 Nxe3 21. fxe3 Bd7 22. Rac1 Rac8 23. Qc5 Qxc5 24. Rxc5 c6 25. b4 g6 26. Ra1 cxd5 27. exd5 Ra8 28. Ne4 Red8 29. Rc7 Bf5 30. Nc5 e4 31. Rd1 Rac8 32. Nxa6 Rd6 33. Rxc8+ Bxc8 34. Nc5 f5 35. Ra1 Rxd5 36. Ra8 Rd8 37. Ne6 Rd1+ 38. Kf2 Kf7 39. Ke2 Rd6 40. Nd4 Be6 41. b3 Rd7 42. Ra6 Re7 43. Rb6 Bd7 44. h4 h5 45. Kf2 Be8 46. Kg3 Ra7 47. Kf4 Ra2 48. Ke5 Kg7 49. Ne6+ Kh6 50. Rb8 Rxg2 51. Rxe8 g5 52. hxg5+ 1-0

[Event "Lliga Catalana 2024"]
[Site "Catalonia"]
[Date "2024.02.03"]
[Round "3.10"]
[White "Jareno Badenas, Aleix"]
[Black "Fernandez Lozano, Francesc"]
[Result "1-0"]
[ECO "A04"]
[WhiteElo "2122"]
[BlackElo "2071"]
[Annotator "ChessBase"]
[PlyCount "63"]
[EventDate "2024.01.18"]
[EventType "team-tourn"]
[EventCountry "ESP"]
[SourceTitle "playchess.com"]
[Source "ChessBase"]
[SourceQuality "1"]
[TimeControl "5400+30"]

1. Nf3 g6 2. g3 Bg7 3. Bg2 c5 4. O-O Nc6 5. d3 d6 6. e4 e6 7. c3 Nge7 8. Be3 O-O 9. Qd2 b6 10. Bh6 Bb7 11. h4 Ne5 12. Rd1 Nxf3+ 13. Bxf3 f5 14. Bxg7 Kxg7 15. Bg2 b5 16. Na3 Qb6 17. Re1 e5 18. Nc2 f4 19. d4 Rad8 20. Rad1 Bc8 21. gxf4 exf4 22. f3 Rde8 23. dxc5 Qxc5+ 24. Qd4+ Rf6 25. e5 Qxd4+ 26. Nxd4 dxe5 27. Rxe5 a6 28. Rde1 Kf8 29. Kh2 Bd7 30. Bh3 Nc6 31. Rxe8+ Bxe8 32. Ne6+ 1-0

[Event "Lliga Catalana 2024"]
[Site "Catalonia"]
[Date "2024.02.10"]
[Round "4.1"]
[White "Edouard, Romain"]
[Black "Gonzalez Garcia, Jose"]
[Result "1/2-1/2"]
[ECO "D36"]
[WhiteElo "2523"]
[BlackElo "2451"]
[Annotator "RC"]
[PlyCount "172"]
[EventDate "2024.01.18"]
[EventType "team-tourn"]
[EventCountry "ESP"]
[SourceTitle "playchess.com"]
[Source "ChessBase"]
[SourceQuality "1"]
[TimeControl "5400+30"]

1. d4 Nf6 2. c4 e6 3. Nc3 d5 4. cxd5 exd5 5. Bg5 c6 6. e3 Be7 7. Bd3 Nbd7 8. Nge2 h6 9. Bh4 Nh5 10. Bxe7 Qxe7 11. Qc2 Nb6 12. h3 Nf6 13. O-O-O Bd7 14. Kb1 O-O-O 15. Nc1 Kb8 16. Nb3 Be6 17. f3 Nfd7 18. Rhe1 c5 19. dxc5 Nxc5 20. Nxc5 Qxc5 21. Qf2 Ka8 22. Qg3 g5 23. Rc1 Nc4 24. b3 Qb4 25. Ka1 Qd6 26. f4 Nxe3 27. Nb5 gxf4 28. Qg7 Qb6 29. Nc7+ Kb8 30. Qf6 Bf5 31. Qxb6 axb6 32. Bxf5 Nxf5 33. Nb5 Rhe8 34. Rf1 Ng3 35. Rf3 d4 36. Rd1 Ne2 37. Rd2 Re4 38. Rfd3 Rd5 39. a4 Nc1 40. Rf3 Re3 41. Rd1 Nxb3+ 42. Ka2 Nc5 43. Rxf4 Nxa4 44. Rdxd4 Rxb5 45. Rxa4 Re2+ 46. Ka3 Re3+ 47. Ka2 Rg5 48. g4 Rd5 49. Rab4 Rxh3 50. Rxf7 Ka7 51. Rf6 b5 52. Rg6 Rh2+ 53. Ka3 Rh4 54. Re4 Rg5 55. Rge6 b6 56. Rd4 Ka6 57. Rdd6 Rh3+ 58. Kb2 h5 59. gxh5 Rg2+ 60. Kc1 Rh1+ 61. Rd1 Rxh5 62. Re3 b4 63. Rde1 Rhh2 64. Re5 Ra2 65. Kb1 Rhb2+ 66. Kc1 Rb3 67. R1e4 Rh2 68. Re1 Ra3 69. Kb1 Rg2 70. R1e4 Rf3 71. Re1 Rff2 72. Ka1 b5 73. Re8 b3 74. R8e3 Ra2+ 75. Kb1 Rgb2+ 76. Kc1 Rc2+ 77. Kb1 Rcb2+ 78. Kc1 Ka5 79. Rh1 Ka4 80. Re8 Rc2+ 81. Kb1 Ka3 82. Ra8+ Kb4 83. Rxa2 Rxa2 84. Rh8 Rg2 85. Rf8 Rg4 86. Kb2 Rg2+ 1/2-1/2

[Event "Lliga Catalana 2024"]
[Site "Catalonia"]
[Date "2024.02.10"]
[Round "4.2"]
[White "Narciso Dublan, Marc"]
[Black "Ootes, Lars"]
[Result "1-0"]
[ECO "B08"]
[WhiteElo "2420"]
[BlackElo "2388"]
[Annotator "TA"]
[PlyCount "77"]
[EventDate "2024.01.18"]
[EventType "team-tourn"]
[EventCountry "ESP"]
[SourceTitle "playchess.com"]
[Source "ChessBase"]
[SourceQuality "1"]
[TimeControl "5400+30"]

1. e4 d6 2. d4 Nf6 3. Nc3 g6 4. Nf3 Bg7 5. Be2 O-O 6. O-O Nc6 7. d5 Ne5 8. Nxe5 dxe5 9. Qd3 e6 10. dxe6 Bxe6 11. Qb5 {[%emt 0:00:10][%csl LRb7,LRe5] White has an edge.} b6 12. Rd1 Qe8 13. a4 (13. Qxe5 Nd5 14. Qg3 Nxc3 15. bxc3 Bf5 $16 (15... Qa4 16. Bf4 $15)) 13... c6 14. Qxe5 Nd5 $1 15. Qg3 Nxc3 16. bxc3 Qe7 (16... Bf5 $14) 17. Bf4 $36 {[%emt 0:00:00][%mdl 2048] Black is under strong pressure.} Rfd8 18. Bd6 Qb7 19. h4 f6 20. f4 Qf7 (20... Bd5 $142) 21. e5 ({White should try} 21. a5) 21... Bf8 22. h5 {[%emt 0:00:00] White has more active pieces.} Bxd6 23. exd6 Kg7 (23... f5 $16 24. Rd2 Qf6) 24. Rd2 Rd7 25. Rad1 Bf5 26. Qf3 Rc8 (26... Qe6 $16 {keeps fighting.} 27. a5 (27. Qxc6 Qe3+ 28. Kh1 Rad8 $16) 27... gxh5) 27. Ba6 $18 Rcd8 28. Qxc6 (28. g4 $18 Be6 29. hxg6 (29. Qxc6 Bxg4 30. Re1 Qf8 $11) 29... hxg6 30. Rd4 (30. Qxc6 Bxg4 31. Re1 Re8 $11)) 28... Bg4 $16 29. Be2 Qe6 30. Bxg4 Qxg4 31. hxg6 hxg6 32. Qe4 g5 $2 {[%emt 0:03:22] [#] Loses the game.} (32... Rc8 $16 {was worth a try.} 33. Re1 Qf5) 33. Rf1 $18 Rh8 34. Rd3 Rhd8 (34... Kf7 $142 35. Qd5+ Qe6 36. fxg5 Qxd5 37. Rxf6+ (37. Rxd5 Ke6 $18) 37... Kg7 38. Rxd5 Re8) 35. Rh3 Rh8 {[%emt 0:00:28] Inhibits Rh7+.} 36. Rxh8 Kxh8 37. Qg6 (37. Qe8+ $142 Kg7 38. f5 Rxd6 39. Qe7+ Kg8 40. Qxd6 Qe4 41. Qxf6 (41. Qe6+ Qxe6 42. fxe6 Kf8 43. Re1 Ke7 44. g4 Kd8 45. e7+ Ke8) 41... Qb7 42. Rd1 (42. Qxg5+ Qg7 43. Qxg7+ Kxg7 44. f6+ Kf7 45. g4 Kg8 46. f7+ Kf8)) 37... Qe6 {[%emt 0:00:47] [#]} 38. Kf2 $1 ({And not} 38. fxg5 Qe3+ 39. Rf2 Qe1+ 40. Kh2 Rh7+ 41. Kg3 Qe3+ 42. Rf3 Qe1+ 43. Rf2 Qe3+ 44. Rf3 Qe1+ 45. Rf2 $11) 38... Rh7 {[%emt 0:00:31] Repels Rh1} 39. Re1 {[%emt 0:00:23] Weighted Error Value: White=0.24 (precise) /Black=0.65.  Loses game:     	---       	Black=1      Mistake:       	White=2     	Black=5      Inaccurate:     	White=1     	Black=2      OK:         	White=10    	Black=6      Best:        	White=3     	Black=1      Strong:       	---       	Black=1} 1-0

[Event "Lliga Catalana 2024"]
[Site "Catalonia"]
[Date "2024.02.10"]
[Round "4.3"]
[White "Zhukov, Dmitry"]
[Black "Rahal, Michael A"]
[Result "0-1"]
[ECO "A31"]
[WhiteElo "2306"]
[BlackElo "2312"]
[Annotator "RC"]
[PlyCount "200"]
[EventDate "2024.01.18"]
[EventType "team-tourn"]
[EventCountry "ESP"]
[SourceTitle "playchess.com"]
[Source "ChessBase"]
[SourceQuality "1"]
[TimeControl "5400+30"]

1. e4 c5 2. Nf3 a6 3. c4 e6 4. Nc3 Qc7 5. d4 cxd4 6. Nxd4 Nf6 7. Bd3 d6 8. O-O Be7 9. Qe2 O-O 10. Be3 b6 11. Rac1 Bb7 12. Rfd1 Nbd7 13. f3 Rac8 14. b3 Qb8 15. Qf2 Rfe8 16. Bf1 Bd8 17. g4 Bc7 18. g5 Nh5 19. Bh3 g6 20. Nde2 Rcd8 21. Bg4 Ng7 22. f4 f5 23. exf5 Nxf5 24. Bxf5 gxf5 25. Ng3 Ba8 26. Nh5 Qb7 27. Nd5 exd5 28. cxd5 b5 29. Kf1 b4 30. Qg3 Bb6 31. Nf6+ Kh8 32. Nxe8 Rxe8 33. Bxb6 Nxb6 34. Re1 Qf7 35. Qd3 Nxd5 36. Rxe8+ Qxe8 37. Re1 Qd7 38. h4 Bc6 39. Kf2 Kg8 40. Kg3 a5 41. h5 Qg7 42. Rc1 Nc3 43. Kh4 Qd7 44. h6 Qa7 45. Rxc3 bxc3 46. Qc4+ Kf8 47. Qxc6 Qf2+ 48. Kh3 Qe3+ 49. Kh4 Qxf4+ 50. Kh3 Qe3+ 51. Kh2 Qe2+ 52. Kg1 Qe1+ 53. Kh2 Qh4+ 54. Kg1 Qxg5+ 55. Kf2 Qf4+ 56. Kg1 Qe3+ 57. Kf1 Qf4+ 58. Kg1 Qc1+ 59. Kf2 Qxh6 60. Qxc3 Qh2+ 61. Kf1 Qe5 62. Qc8+ Kf7 63. Qb7+ Kg6 64. Qg2+ Kf6 65. Qa8 Qa1+ 66. Kf2 Qxa2+ 67. Kf1 Qb1+ 68. Kf2 Qc2+ 69. Kf1 Qd3+ 70. Kf2 Qd4+ 71. Kf1 Qf4+ 72. Kg1 Qe5 73. Qh8+ Kg6 74. Qg8+ Kh6 75. Kf2 Qd4+ 76. Kf1 Qf4+ 77. Ke1 Qe5+ 78. Kf1 d5 79. Qf8+ Kh5 80. Qf7+ Kg4 81. Qxh7 Qa1+ 82. Kf2 Qb2+ 83. Kf1 Qxb3 84. Qg6+ Kf4 85. Qh6+ Ke4 86. Qe6+ Kd4 87. Qf6+ Kc4 88. Qc6+ Kb4 89. Qb6+ Ka4 90. Qd6 Qc4+ 91. Kf2 f4 92. Qd7+ Kb3 93. Qb7+ Ka2 94. Qf7 a4 95. Ke1 Qd4 96. Qc7 a3 97. Qc2+ Qb2 98. Qc5 d4 99. Qd5+ Ka1 100. Kd1 d3 0-1